 Dungeon Crawl Stone Soup version 0.21.1-1-g345015f (webtiles) character file.

7563 Yawgmoth the Prestidigitator (level 10, -13/71 HPs)
             Began as a Demonspawn Chaos Knight on Feb 10, 2018.
             Mangled by a blink frog (15 damage)
             ... on level 8 of the Dungeon on Feb 11, 2018.
             The game lasted 01:05:26 (9741 turns).

Yawgmoth the Prestidigitator (DsCK)                 Turns: 9741, Time: 01:05:36

Health: -13/71     AC:  7    Str: 18    XL:     10   Next: 96%
Magic:  0/17       EV: 10    Int: 14    God:    Xom [..*...]
Gold:   543        SH:  4    Dex: 12    Spells: 9/9 levels left

rFire    . . .     SeeInvis .   g - +12 war axe "Xyhufudu" {elec, rElec Str+2}
rCold    + + .     Gourm    .   (no shield)
rNeg     . . .     Faith    .   u - +2 ring mail {rC+}
rPois    .         Spirit   +   (helmet restricted)
rElec    +         Reflect  .   (no cloak)
rCorr    .         Harm     .   (no gloves)
MR       +....                  (boots unavailable)
Stlth    +.........             A - amulet of rage {+Rage, !d}
HPRegen  0.21/turn              (no ring)
MPRegen  0.30/turn              (no ring)

@: lethally poisoned (-13 -> -15), slowed, very slow
A: horns 2, talons 3, large bone plates 1, cold resistance 1, frail 1, magic
resistance 1, sense surroundings 1, wild magic 1, magic shield, magic
regeneration
a: Renounce Religion, Evoke Berserk Rage


You were on level 8 of the Dungeon.
You worshipped Xom.
You were a toy of Xom.
You were not hungry.

You visited 1 branch of the dungeon, and saw 8 of its levels.
You also visited: Sewer and Ossuary.

You collected 543 gold pieces.

Inventory:

Hand Weapons
 g - the +12 war axe "Xyhufudu" (weapon) {elec, rElec Str+2}
   (You found it on level 4 of the Dungeon)

   Occasionally, upon striking a foe, it will discharge some electrical energy
   and cause terrible harm.
   It affects your strength (+2).
   It insulates you from electricity.
 h - a +1 trident of freezing
   (You took it off Blork the orc on level 4 of the Dungeon)
 o - a +1 shortbow of velocity
   (You took it off a centaur on level 7 of the Dungeon)
 J - a cursed +4 great sword
   (You took it off a wight on level 7 of the Dungeon)
Missiles
 I - 55 arrows
 O - 4 curare-tipped needles
Armour
 a - a +3 leather armour
 u - a +2 ring mail of cold resistance (worn)
   (You took it off Ijyb on level 4 of the Dungeon)
 G - a +1 robe of fire resistance
   (You took it off Pikel on level 6 of the Dungeon)
Jewellery
 A - an amulet of rage (around neck) {+Rage, !d}
   (You found it on level 5 of the Dungeon)
Wands
 c - a wand of disintegration (16)
   (You found it on level 8 of the Dungeon)
 l - a wand of digging (8)
   (You found it on level 8 of the Dungeon)
 t - a wand of random effects (49)
   (You took it off Ijyb on level 4 of the Dungeon)
 K - a wand of scattershot (6)
   (You found it on level 8 of the Dungeon)
 L - a wand of paralysis (13)
   (You found it on level 8 of the Dungeon)
Scrolls
 d - a scroll of fear {unknown}
 k - 5 scrolls of identify
 n - 5 scrolls of magic mapping {!r}
 p - 5 scrolls of remove curse {unknown}
 q - a scroll of amnesia {unknown}
 r - 4 scrolls of enchant armour
 v - 2 scrolls of random uselessness {unknown}
 E - a scroll of teleportation {unknown}
Potions
 e - 2 potions of heal wounds {unknown}
 f - 3 potions of flight {unknown}
 i - 2 potions of degeneration {unknown}
 j - 5 potions of lignification {!q}
 s - 2 potions of haste
 w - a potion of curing
 x - 2 potions of brilliance {unknown}
 z - 2 potions of agility {unknown}
 B - 3 potions of might
 D - a potion of ambrosia {unknown}
 F - a potion of mutation {unknown}
Books
 m - a book of Maledictions
   (You found it on level 7 of the Dungeon)
 y - a book of Minor Magic
   (You found it on level 5 of the Dungeon)
 C - a book of Conjurations
   (You found it on level 6 of the Dungeon)
Comestibles
 b - 9 rations


   Skills:
 - Level 7.3 Fighting
 + Level 9.9 Axes
 - Level 1.8 Armour
 - Level 0.8 Dodging
 - Level 5.2 Unarmed Combat
 + Level 10.0 Evocations


You had 9 spell levels left.
You didn't know any spells.

Dungeon Overview and Level Annotations

Branches:
Dungeon (8/15)             Temple (0/1) D:5
   Lair: D:8-11

Altars:
Dithmenos
Fedhas
Nemelex Xobeh
Okawaru
Qazlal
Trog
Uskayaw
Wu Jian
Xom
Yredelemnul
The Shining One

Shops:
D:4 *


Innate Abilities, Weirdness & Mutations

You have claws for feet.
You are partially covered in large bone plates. (SH +4)
When hurt, damage is shared between your health and your magic reserves.
You regenerate magic rapidly.
You have a pair of horns on your head.
Your flesh is cold resistant. (rC+)
You are frail. (-10% HP)
You are resistant to hostile enchantments. (MR+)
You passively map a small area around you.
Your spells are a little harder to cast, but a little more powerful.


Message History

Health restored: 71 You now have 534 gold pieces (gained 7).
You now have 543 gold pieces (gained 9).
A worker ant and a soldier ant come into view.
The worker ant twitches its antennae in your direction.
The worker ant barely misses you.
You slash the worker ant!
You kill the worker ant!
You hear an angry buzzing noise. x2
You slash the soldier ant! You claw the soldier ant.
The soldier ant stings you.
A hornet comes into view.
You take 2 damage, and have 69/71 hp.
You now have 16/17 mp.
You slash the soldier ant! You claw the soldier ant.
The soldier ant stings you.
You take 5 damage, and have 64/71 hp.
You now have 15/17 mp.
You slash the soldier ant!
Lightning courses through the soldier ant!
You kill the soldier ant!
You miss the hornet. Xom's power flows through you!
You are now a favourite toy of Xom.
The hornet stings you!
You feel yourself slow down. The hornet barely misses you.
You take 9 damage, and have 56/71 hp.
You now have 14/17 mp.
You slice the hornet!!
You feel yourself speed up.
Xom's power touches on your mind for a moment.
The hornet looks rather confused.
You hear an angry buzzing noise.
Your quokka barely misses the hornet.
Something barely misses the hornet.
The hornet stings you.
You are poisoned.
You feel yourself slow down.
A hornet comes into view.
You take 4 damage, and have 52/71 hp.
You now have 13/17 mp.
You slash the hornet! Your headbutt misses the hornet.
You feel yourself speed up.
You feel sick.
Xom thinks this is hilarious!
Your quokka misses the hornet. The hornet stings you.
You are more poisoned.
You feel yourself slow down.
Something barely misses the hornet.
Your quokka closely misses the hornet.
The hornet stings you but does no damage.
You take 5 damage, and have 47/71 hp.
You now have 12/17 mp.
You hit the hornet. Lightning courses through the hornet!
You claw the hornet, but do no damage. You headbutt the hornet.
You feel yourself speed up.
You feel sick. The hornet stings you!
You feel yourself slow down.
Your quokka closely misses the hornet.
The hornet stings you!
You feel as though you will be slow longer.
Your quokka bites the hornet but does no damage.
You take 20 damage, and have 27/71 hp.
MASSIVE DAMAGE!!
You now have 8/17 mp.
You feel better. The hornet stings your quokka.
Your quokka seems to slow down.
Your quokka completely misses the hornet.
The hornet stings your quokka!!
Your quokka dies!
Your quokka's corpse disappears in a puff of smoke!
You regained 10 hp, and now have 37/71 hp.
You are too injured to fight recklessly!
Xom's power touches on a nearby monster.
The hornet evaporates and reforms as a blink frog!
You are now a toy of Xom.
The hornet stings you!
You are poisoned.
You suddenly lose the ability to move!
The blink frog hits you but does no damage.
The hornet stings you!
* * * LOW HITPOINT WARNING * * *
You feel as though you will be slow longer.
You feel sick. The blink frog hits you.
* * * LOW HITPOINT WARNING * * *
The hornet stings you.
* * * LOW HITPOINT WARNING * * *
You feel as though you will be slow longer.
The blink frog hits you.
* * * LOW HITPOINT WARNING * * *
The blink frog blinks!
You feel sick. The hornet completely misses you. The hornet stings you.
* * * LOW HITPOINT WARNING * * *
You feel as though you will be slow longer.
You can move again.
You see here a soldier ant corpse.
You take 34 damage, and have 3/71 hp.
MASSIVE DAMAGE!!
You now have 1/17 mp.
Okay, then.
You slash the blink frog! You claw the blink frog. You slash the hornet!
You kill the hornet!
Your Evocations skill increases to level 10!
* * * LOW HITPOINT WARNING * * *
You feel sick. The blink frog hits you!
You die...
Xom chortles!

.#.# #......# #....... .#.####
#..###.# #.......
......###(.##### #.[.....
..............#, ##.....#
.#......#..#### ##....#
.#.#...##....##+ ##.#..
.#.##.####.###.#,## #.### .#.##.#
#...##†#.# #.# #.##.## #####.#@##
#># #.##'.# #F#.# #.### #.#...##
#.#.## ########.# #......##
###.### #......#.. ##.......##
#.....# #......#..
#.........####....######......#.(
+.........+..[.........#......#..
..........####......####......###
.#.......#####.......# #......#


You could see a blink frog.

Vanquished Creatures
  2 two-headed ogres
  Pikel (D:6)
  A kobold demonologist (D:8)
  A hornet (D:8)
  The ghost of xccam the Shield-Bearer, an amateur MiFi (D:3)
  Prince Ribbit (D:7)
  2 water moccasins
  3 orc warriors
  A soldier ant (D:8)
  2 phantoms (D:8)
  A slave (D:6)
  A black bear (D:8)
  An ice beast (D:8)
  3 centaurs (D:7)
  3 ogres
  A crocodile (Sewer)
  17 big kobolds (D:8)
  Blork the orc (D:4)
  A bullfrog (D:8)
  A water moccasin zombie (Ossuary)
  3 scorpions
  A water moccasin skeleton (D:7)
  3 killer bees (D:7)
  4 wights (D:7)
  7 electric eels (D:8)
  8 howler monkeys (D:8)
  2 crimson imps
  A bullfrog zombie (D:7)
  4 hounds
  A centaur skeleton (D:7)
  A jelly (D:5)
  5 orc wizards
  5 orc priests
  Ijyb (D:4)
  An iguana (D:4)
  Natasha (twice) (D:2)
  6 worker ants
  3 mummies
  2 worker ant zombies (D:5)
  6 adders
  A howler monkey skeleton (D:7)
  A shadow imp (D:7)
  An ooze (D:5)
  5 adder zombies
  2 adder skeletons
  7 worms
  4 dart slugs
  A leopard gecko (D:2)
  21 orcs
  2 ball pythons
  8 bats
  3 giant cockroaches
  6 goblins
  6 hobgoblins
  A jackal (D:8)
  4 quokkas
  4 frilled lizards
  A gnoll zombie (Ossuary)
  8 hobgoblin zombies (Ossuary)
  A jackal zombie (D:5)
  17 kobolds
  4 kobold zombies
  5 orc zombies (Ossuary)
  7 rats
  A spectral orc (D:7)
  12 fungi (D:4)
  7 plants
251 creatures vanquished.

Vanquished Creatures (collateral kills)
  A hungry ghost (D:7)
  A slave (D:6)
2 creatures vanquished.

Vanquished Creatures (others)
  2 jackals (D:8)
  A kobold (D:8)
  A quokka (D:7)
  5 plants (D:8)
9 creatures vanquished.

Grand Total: 262 creatures vanquished

Notes
Turn   | Place    | Note
-------+----------+-------------------------------------------
     0 | D:1      | Yawgmoth the Demonspawn Chaos Knight began the quest for the Orb.
     0 | D:1      | Reached XP level 1. HP: 18/18 MP: 1/1
   464 | D:1      | XOM is BORED!
   464 | D:1      | XOM: harmless Summ miscast
   495 | D:1      | XOM: silly message
   578 | D:1      | Reached skill level 3 in Unarmed Combat
   578 | D:1      | Gained mutation: When hurt, damage is shared between your health and your magic reserves. [demonic ancestry]
   578 | D:1      | Reached XP level 2. HP: 24/24 MP: 2/2
   716 | D:1      | XOM: harmless Tloc miscast
   759 | D:1      | XOM: harmless Conj miscast
   833 | D:2      | Found a hide-covered altar of Uskayaw.
  1240 | D:2      | Reached XP level 3. HP: 29/29 MP: 3/3
  1263 | D:2      | XOM is BORED!
  1263 | D:2      | XOM: mild Hex miscast
  1269 | D:2      | Noticed Natasha
  1275 | D:2      | Killed Natasha
  1289 | D:2      | Noticed Natasha
  1298 | D:2      | Killed Natasha
  1298 | D:2      | Reached skill level 4 in Fighting
  1298 | D:2      | Reached XP level 4. HP: 32/37 MP: 4/4
  1601 | D:2      | XOM: scenery: create altars
  1780 | D:3      | Found a glowing drain.
  1780 | D:3      | XOM: 3-stop teleportation journey
  1797 | Sewer    | Entered a sewer
  1833 | Sewer    | Noticed a crocodile
  1849 | Sewer    | XOM: summons friendly ufetubus
  1855 | Sewer    | Killed a crocodile
  1855 | Sewer    | Reached skill level 4 in Unarmed Combat
  1855 | Sewer    | Reached XP level 5. HP: 29/43 MP: 2/5
  2126 | D:3      | Found a shadowy altar of Dithmenos.
  2144 | D:3      | Noticed xccam's ghost (amateur MiFi)
  2165 | D:3      | Killed xccam's ghost
  2165 | D:3      | Reached skill level 5 in Fighting
  2165 | D:3      | Reached skill level 5 in Unarmed Combat
  2165 | D:3      | Gained mutation: You are partially covered in large bone plates. (SH +4) [demonic ancestry]
  2165 | D:3      | Reached XP level 6. HP: 33/51 MP: 1/6
  2608 | D:3      | XOM: give mutations
  2608 | D:3      | Gained mutation: You have sharp toenails. [Xom's grace]
  2608 | D:3      | Gained mutation: Your flesh is cold resistant. (rC+) [Xom's grace]
  2758 | D:3      | XOM: god gift: halberd {god gift}
  3192 | D:3      | XOM: give mutations
  3192 | D:3      | Gained mutation: Scrolls take you a little longer to read. [Xom's mischief]
  3192 | D:3      | Gained mutation: Armour fits poorly on your strangely shaped body. [Xom's mischief]
  3562 | D:4      | Found Vousuaro's General Store.
  3585 | D:4      | Got a twisted war axe
  3586 | D:4      | Identified the +12 war axe "Xyhufudu" {elec, rElec Str+2} (You found it on level 4 of the Dungeon)
  3655 | D:4      | XOM: blink monster(s)
  3658 | D:4      | XOM: summons friendly quasit
  3662 | D:4      | Reached skill level 6 in Fighting
  3662 | D:4      | Reached skill level 1 in Axes
  3686 | D:4      | Noticed Blork the orc
  3700 | D:4      | Killed Blork the orc
  3700 | D:4      | Mutation became permanent: You have sharp toenails. [demonic ancestry]
  3700 | D:4      | Gained mutation: You have sharp toenails. [demonic ancestry]
  3700 | D:4      | Reached XP level 7. HP: 33/58 MP: 5/7
  4001 | D:4      | Found a blossoming altar of Fedhas.
  4064 | D:4      | Reached skill level 2 in Axes
  4084 | D:4      | Found an iron altar of Okawaru.
  4142 | D:4      | XOM: mild Ice miscast
  4161 | D:4      | Noticed Ijyb
  4165 | D:4      | Killed Ijyb
  4187 | D:4      | XOM: scenery: create altars
  4311 | D:4      | XOM: give mutations
  4311 | D:4      | Gained mutation: You passively map a small area around you. [Xom's grace]
  4311 | D:4      | Gained mutation: You passively map the area around you. [Xom's grace]
  4331 | D:4      | XOM: god gift: 13 gold pieces
  4675 | D:4      | XOM: god gift: 26 gold pieces
  4880 | D:5      | Entered Level 5 of the Dungeon
  4906 | D:5      | XOM: 3-stop teleportation journey
  4945 | D:5      | XOM: scenery: 1 doors open
  4963 | D:5      | Reached skill level 3 in Axes
  5016 | D:5      | XOM: cloud trail
  5182 | D:5      | Found a sparkling altar of Nemelex Xobeh.
  5418 | D:5      | XOM: cast spell 'Discord'
  5428 | D:5      | Reached skill level 7 in Fighting
  5649 | D:5      | Found a staircase to the Ecumenical Temple.
  5724 | D:6      | Found a bloodstained altar of Trog.
  5752 | D:6      | XOM: fake destruction
  5759 | D:6      | Gained mutation: You regenerate magic rapidly. [demonic ancestry]
  5759 | D:6      | Reached XP level 8. HP: 67/67 MP: 8/8
  5802 | D:6      | Found a glowing golden altar of the Shining One.
  5816 | D:6      | XOM: divination: detect items
  5852 | D:6      | XOM: scenery: 1 doors close
  5876 | D:6      | Found a stormy altar of Qazlal.
  5901 | D:6      | Found a stormy altar of Qazlal.
  5903 | D:6      | XOM: god gift: 38 gold pieces
  5933 | D:6      | Found a sand-covered staircase.
  5936 | D:6      | Reached skill level 1 in Evocations
  5940 | Ossuary  | Entered an ossuary
  6219 | Ossuary  | XOM: give mutations
  6219 | Ossuary  | Gained mutation: You have a pair of small horns on your head. [Xom's grace]
  6219 | Ossuary  | Gained mutation: You have a pair of horns on your head. [Xom's grace]
  6219 | Ossuary  | Gained mutation: You are agile. (Dex +2) [Xom's grace]
  6332 | D:6      | XOM: 1-stop teleportation journey
  6348 | D:6      | Found an ornate altar of the Wu Jian Council.
  6618 | D:6      | Noticed Pikel
  6624 | D:6      | Killed Pikel
  6624 | D:6      | Reached skill level 4 in Axes
  6624 | D:6      | Reached skill level 3 in Evocations
  6772 | D:7      | XOM: god gift: 3 needles of sleeping
  6825 | D:7      | Reached skill level 5 in Axes
  6957 | D:7      | Reached skill level 4 in Evocations
  7012 | D:7      | Gained mutation: You have razor-sharp toenails. [demonic ancestry]
  7012 | D:7      | Reached XP level 9. HP: 49/72 MP: 12/12
  7022 | D:7      | XOM: summons friendly ufetubus
  7025 | D:7      | Reached skill level 6 in Axes
  7025 | D:7      | Reached skill level 5 in Evocations
  7210 | D:7      | Noticed Prince Ribbit
  7213 | D:7      | XOM: fog
  7217 | D:7      | Killed Prince Ribbit
  7325 | D:7      | Reached skill level 6 in Evocations
  7331 | D:7      | XOM: noise
  7351 | D:7      | XOM: harmless Necr miscast
  7356 | D:7      | XOM: medium Summ miscast
  7361 | D:7      | HP: 12/72 [wight/halberd (8)]
  7366 | D:7      | HP: 4/72 [adder (2)]
  7646 | D:7      | Reached skill level 7 in Axes
  7717 | D:7      | XOM: medium Air miscast
  8058 | D:7      | Found a basalt altar of Yredelemnul.
  8103 | D:7      | Noticed a two-headed ogre
  8104 | D:7      | XOM: mild Erth miscast
  8108 | D:7      | Killed a two-headed ogre
  8108 | D:7      | Reached skill level 7 in Evocations
  8189 | D:7      | XOM: give mutations
  8189 | D:7      | Lost mutation: You passively map the area around you. [Xom's mischief]
  8189 | D:7      | Lost mutation: Scrolls take you a little longer to read. [Xom's mischief]
  8189 | D:7      | Lost mutation: Armour fits poorly on your strangely shaped body. [Xom's mischief]
  8256 | D:7      | XOM: mild Hex miscast
  8314 | D:8      | Reached skill level 8 in Axes
  8322 | D:8      | Gained mutation: You have claws for feet. [demonic ancestry]
  8322 | D:8      | Reached XP level 10. HP: 57/79 MP: 10/15
  8371 | D:8      | Reached skill level 8 in Evocations
  8395 | D:8      | XOM: blink monster(s)
  8403 | D:8      | XOM: medium Chrm miscast
  8448 | D:8      | Reached skill level 9 in Axes
  8456 | D:8      | Reached skill level 9 in Evocations
  8682 | D:7      | XOM: give mutations
  8682 | D:7      | Gained mutation: You are frail. (-10% HP) [Xom's mischief]
  8682 | D:7      | Lost mutation: You are agile. (Dex +2) [Xom's mischief]
  8741 | D:8      | Got a jewelled dagger
  8743 | D:8      | Identified the +1 dagger "Egrijodd" {holy, Str+2} (You found it on level 8 of the Dungeon)
  8775 | D:8      | XOM: silly message
  8827 | D:8      | XOM: give mutations
  8827 | D:8      | Gained mutation: Your spells are a little harder to cast, but a little more powerful. [Xom's grace]
  8827 | D:8      | Gained mutation: You are resistant to hostile enchantments. (MR+) [Xom's grace]
  8864 | D:8      | XOM: scenery: create altars
  9069 | D:8      | XOM: enchant monster (good)
  9473 | D:8      | Noticed a two-headed ogre
  9480 | D:8      | XOM: smoke on damage
  9481 | D:8      | Killed a two-headed ogre
  9552 | D:8      | Found a shimmering altar of Xom.
  9555 | D:8      | Found a shimmering altar of Xom.
  9555 | D:8      | Found a shimmering altar of Xom.
  9556 | D:8      | Found a shimmering altar of Xom.
  9556 | D:8      | Found a shimmering altar of Xom.
  9556 | D:8      | Found a shimmering altar of Xom.
  9556 | D:8      | Found a shimmering altar of Xom.
  9556 | D:8      | Found a shimmering altar of Xom.
  9558 | D:8      | Found a shimmering altar of Xom.
  9733 | D:8      | XOM: cast spell 'Summon Small Mammal'
  9734 | D:8      | XOM: confuse monster(s)
  9738 | D:8      | XOM: polymorph hornet -> blink frog
  9738 | D:8      | Paralysed by a hornet for 3 turns
  9739 | D:8      | HP: 14/71 [blink frog (4)]
  9740 | D:8      | HP: 3/71 [hornet (4)]
  9741 | D:8      | Reached skill level 10 in Evocations
  9741 | D:8      | Mangled by a blink frog

Skill      XL: |  1  2  3  4  5  6  7  8  9 10 |
---------------+-------------------------------+-----
Unarmed Combat | 3 4 5 |  5.2
Fighting       | 4 5 6 7 |  7.3
Axes           | 1 3 5 8 9 |  9.9
Evocations     | 4 7 10 | 10.0
Armour         | |  1.8
Dodging        | |  0.8

Action                   |  1- 3 |  4- 6 |  7- 9 | 10-12 || total
-------------------------+-------+-------+-------+-------++-------
Melee: Unarmed           |    61 |   118 |       |       ||   179
       War axe           |       |     6 |   196 |   142 ||   344
       Kick              |       |     4 |    44 |    30 ||    78
       Punch             |       |     1 |     5 |     2 ||     8
       Headbutt          |       |       |    10 |    19 ||    29
Throw: Tomahawk          |    40 |    53 |    12 |       ||   105
       Stone             |       |    29 |    49 |       ||    78
 Abil: Evoke Berserk Rag |       |       |     1 |     2 ||     3
Evoke: Wand              |       |       |       |     1 ||     1
  Use: Scroll            |     4 |       |       |     1 ||     5
       Potion            |     3 |     2 |     2 |     2 ||     9
 Stab: Distracted        |       |     1 |       |       ||     1
  Eat: Chunk             |     1 |     8 |     7 |     4 ||    20
       Ration            |       |       |     3 |     1 ||     4
Armor: Leather armour    |    11 |    25 |     2 |       ||    38
       Skin              |       |     4 |       |       ||     4
       Chain mail        |       |     4 |       |       ||     4
       Ring mail         |       |       |    22 |    55 ||    77
Dodge: Dodged            |    31 |    47 |    75 |    62 ||   215
Block: Other             |       |     6 |    30 |    20 ||    56

Vault maps used:
D:1:      dpeg_arrival_simpleton_b
D:2:      nicolae_overflow_crystal_walls, minmay_quantized, uniq_natasha
D:3:      lemuel_crystal_altar, cheibrodos_sewer_entry_drain, first_ration
D:4:      okawaru_trees_2, fedhas_altar_3, serial_shops,
          nicolae_shop_window_shopping, kennysheep_generic_room_13,
          uniq_blork_the_orc, uniq_ijyb
D:5:      lemuel_crystal_altar, lemuel_temple_firewalk_b, dk_rats_in_the_wall
D:6:      nicolae_tso_carved_into_rock, overflow_temple_1_default,
          lemuel_doored_altar, kennysheep_mini_moat, nicolae_ossuary_entry_giza,
          grunt_qazlal_sundering, uniq_pikel
D:7:      yredelemnul_forgotten_temple_becter, uniq_prince_ribbit1
D:8:      xom_shifter_show, serial_bayou, serial_bayou_lagoon_b,
          serial_bayou_pond_b, serial_bayou_shore_a, serial_bayou_lagoon_a,
          serial_bayou_pond_e, serial_bayou_pond_a, special_room,
          hangedman_pestilent_swarm
Sewer:    sewer_big_baddie
Ossuary:  ossuary_tomb_2

Table legend:
 A = Turns spent in this place as a percentage of turns spent in the entire game.
 B = Non-inter-level travel turns spent in this place as a percentage of non-inter-level travel turns spent in the entire game.
 C = Inter-level travel turns spent in this place as a percentage of turns spent in this place.
 D = Turns resting spent in this place as a percentage of non-inter-level travel turns spent in this place.
 E = Turns spent auto-exploring this place as a percentage of non-inter-level travel turns spent in this place.
 F = Non-inter-level travel turns spent in this place divided by the number of levels of this place that you've seen.
                   A       B       C       D       E      F
               +-------+-------+-------+-------+-------+----------------------
         Total | 100.0 | 100.0 |   3.3 |  22.1 |  55.1 | 942.1
       Dungeon |  95.3 |  95.2 |   3.4 |  21.6 |  57.5 | 1121.0
         Sewer |   1.6 |   1.7 |   0.0 |   0.0 |  20.6 | 160.0
       Ossuary |   3.0 |   3.1 |   0.0 |  48.8 |   1.4 | 293.0
               +-------+-------+-------+-------+-------+----------------------

Table legend:
 A = Kills in this place as a percentage of kills in entire the game.
 B = Kills by you in this place as a percentage of kills by you in the entire game.
 C = Kills by friends in this place as a percentage of kills by friends in the entire game.
 D = Other kills in this place as a percentage of other kills in the entire game.
 E = Experience gained in this place as a percentage of experience gained in the entire game.
 F = Experience gained in this place divided by the number of levels of this place that you have seen.
                   A       B       C       D       E      F
               +-------+-------+-------+-------+-------+----------------------
         Total | 100.0 | 100.0 | 100.0 |   N/A | 100.0 | 1080.5
       Dungeon |  87.5 |  87.4 | 100.0 |   N/A |  97.6 | 1318.1
         Sewer |   2.6 |   2.6 |   0.0 |   N/A |   1.0 | 113.0
       Ossuary |   9.9 |  10.0 |   0.0 |   N/A |   1.4 | 147.0
               +-------+-------+-------+-------+-------+----------------------
